 Dungeon Crawl Stone Soup version 0.23.2-40-g277498a001 (webtiles) character file.

Game seed: 10414551775411055323

33561 LazyJones the Fighter (level 13, -4/107 HPs)
             Began as a Demonspawn Wanderer on Oct 9, 2019.
             Was an Initiate of Gozag.
             Drowned by a drowned soul (11 damage)
             ... summoned by a merfolk avatar
             ... on level 6 of the Lair of Beasts.
             The game lasted 00:49:05 (23433 turns).

LazyJones the Fighter (Demonspawn Wanderer)        Turns: 23433, Time: 00:49:06

Health: -4/107     AC: 15    Str: 22    XL:     13   Next: 37%
Magic:  16/16      EV: 10    Int: 16    God:    Gozag
Gold:   2456       SH: 18    Dex: 11    Spells: 10/12 levels left

rFire    . . .     SeeInvis .   a - +5 broad axe of Vodka {chop, +Blink rPois rC-}
rCold    x . .     Gourm    .   h - +1 large shield {AC+3}
rNeg     + . .     Faith    .   P - +3 ring mail {rN+}
rPois    +         Spirit   .   t - +1 hat "Tipixuo" {rElec rF- Str+5}
rElec    +         Reflect  .   v - +0 cloak
rCorr    .         Harm     .   (no gloves)
MR       .....                  (no boots)
Stlth    +.........             G - amulet of the acrobat
HPRegen  0.27/turn              i - ring of stealth
MPRegen  0.15/turn              A - ring of protection from fire

@: mesmerised, very slow
A: antennae 2, claws 1, talons 2, foul stench 2, rot immunity
a: Potion Petition, Call Merchant, Bribe Branch, Renounce Religion, Evoke Blink


You were on level 6 of the Lair of Beasts.
You worshipped Gozag.
Gozag was most pleased with you.
You were not hungry.

You visited 2 branches of the dungeon, and saw 16 of its levels.
You also visited: Sewer.

You collected 3715 gold pieces.
You paid 1259 gold pieces to Gozag.

Inventory:

Hand Weapons
 a - the +5 broad axe of Vodka (weapon) {chop, +Blink rPois rC-}
   (You found it on level 5 of the Dungeon)

   It inflicts extra damage upon your enemies.
   It makes you vulnerable to cold.
   It protects you from poison.
   It lets you blink.
 b - a +0 blowgun
Missiles
 c - 59 poisoned needles
 R - 4 needles of confusion
Armour
 h - a +1 large shield of protection (worn)
 t - the +1 hat "Tipixuo" (worn) {rElec rF- Str+5}
   (You found it on level 3 of the Lair of Beasts)

   It affects your strength (+5).
   It makes you vulnerable to fire.
   It insulates you from electricity.
 v - a +0 cloak (worn)
 P - a +3 ring mail of positive energy (worn)
Jewellery
 i - a ring of stealth (left claw)
 j - a +5 ring of intelligence
 k - an uncursed ring of ice
 A - a ring of protection from fire (right claw)
 D - an uncursed ring of wizardry
 G - an amulet of the acrobat (around neck)
 N - an uncursed ring of flight
Wands
 E - a wand of disintegration (8)
 F - a wand of paralysis (10)
 I - a wand of random effects (6)
Scrolls
 d - 7 scrolls of teleportation {!r}
 e - 4 scrolls of remove curse {!r}
 g - a scroll of vulnerability {!r}
 l - 5 scrolls of fog {!r}
 r - 3 scrolls of blinking {!r}
 u - a scroll of fear {!r}
 w - 2 scrolls of enchant armour {!r}
 y - 2 scrolls of noise {!r, unknown}
 B - 2 scrolls of amnesia {!r}
 C - 2 scrolls of magic mapping {!r}
 L - 4 scrolls of random uselessness {!r, unknown}
Potions
 m - a potion of cancellation {!q}
 o - a potion of lignification {!q}
 p - a potion of resistance {!q}
 q - a potion of flight {!q}
 s - 3 potions of brilliance {!q}
 x - a potion of mutation {!q}
 z - 5 potions of curing {!q}
 H - 2 potions of haste {!q}
 J - a potion of agility {!q}
 K - 2 potions of might {!q}
 O - a potion of ambrosia {!q}
Miscellaneous
 M - a fan of gales
 Q - a phial of floods
Comestibles
 f - 12 rations


   Skills:
 + Level 11.9 Fighting
   Level 3.5 Short Blades
 * Level 10.1 Axes
 - Level 1.0 Throwing
 - Level 10.1 Armour
 - Level 5.0 Dodging
 - Level 10.0 Shields
 + Level 4.9 Evocations


You had 10 spell levels left.
You knew the following spells:

 Your Spells              Type           Power        Failure   Level  Hunger
a - Swiftness             Chrm/Air       #.......     98%         2    ###....

Your spell library contained the following spells:

 Spells                   Type           Power        Failure   Level  Hunger
 Confusing Touch          Hex            #.....       95%         1    ##.....
 Corona                   Hex            #......      95%         1    ##.....
 Shock                    Conj/Air       #...         95%         1    ##.....
 Ensorcelled Hibernation  Hex/Ice        #.....       98%         2    ###....
 Confuse                  Hex            #.......     100%        3    ####...
 Dazzling Spray           Conj/Hex       #.....       100%        3    ####...
 Gell's Gravitas          Tloc           #.........   100%        3    ####...
 Static Discharge         Conj/Air       #.......     100%        3    ####...
 Tukima's Dance           Hex            #.......     100%        3    ####...
 Airstrike                Air            #.........   100%        4    #####..
 Petrify                  Tmut/Erth      #.......     100%        4    #####..
 Lightning Bolt           Conj/Air       #.........   100%        5    ######.
 Metabolic Englaciation   Hex/Ice        #.........   100%        5    ######.
 Yara's Violent Unravell  Hex/Tmut       #.........   100%        5    ######.


Dungeon Overview and Level Annotations

Branches:
Dungeon (10/15)              Lair (6/6) D:10          Swamp (0/4) Lair:4
 Spider (0/4) Lair:2        Slime (0/5) Lair:6
 Temple: D:4-7          Orc: D:9-12

Altars:
Dithmenos
Gozag
Hepliaklqana
Qazlal
Sif Muna
Trog
Uskayaw
Wu Jian
Xom
Zin
The Shining One

Shops:
D:9 (

Annotations:
Lair:3 exclusion: upstairs
Lair:4 exclusion: downstairs
Lair:6 1 runed translucent door, freakyemo's ghost, journeyman MiBe


Innate Abilities, Weirdness & Mutations

You have a pair of antennae on your head.
You have sharp fingernails.
You have razor-sharp toenails.
You frequently emit foul miasma when damaged in melee.
You are immune to rotting.


Message History

Unknown command.
Unknown command.
Unknown command.
Unknown command.
Unknown command.
Unknown command.
You closely miss the merfolk avatar.
You claw the merfolk avatar, but do no damage.
The merfolk avatar is almost dead.
You hit the drowned soul. x2; You barely miss the drowned soul.
You block the drowned soul's attack.
The merfolk avatar chants its luring song.
You block the drowned soul's attack. The drowned soul touches you.
The drowned soul drowns you!
* * * LOW HITPOINT WARNING * * *
You block the drowned soul's attack. The drowned soul touches you.
* * * LOW HITPOINT WARNING * * *
The drowned soul drowns you!
You die...
Your body crumbles into a pile of gold.

......≈#.≈≈..≈P##≈≈##≈≈
#≈≈.#....
......≈≈≈P≈≈≈≈≈≈≈≈≈≈≈≈P≈≈P≈
≈....
..P...≈≈≈≈≈.#≈#.#≈≈###≈#
.#P....##≈≈#≈≈≈≈≈≈≈≈≈≈≈≈
.#.....##≈≈#≈≈P≈P88≈≈≈≈≈
##.....≈≈≈≈#8≈≈≈≈≈≈≈≈≈≈8
##..#..≈≈≈≈#####≈≈≈≈####
###.≈.#≈P#8≈≈≈≈≈≈≈≈≈≈≈
..≈##≈≈#≈≈≈≈@W≈≈≈P≈≈ #
#..≈≈≈≈#≈≈≈W≈m≈≈≈≈≈≈ #
###..≈≈≈≈.≈#≈≈$=|?≈#≈≈ #
#....#.≈≈.≈#≈≈!W≈(≈≈≈≈
####....#≈≈# ≈≈≈(≈≈%≈≈≈≈
.#.....≈≈≈≈#≈≈≈≈$$?$≈≈≈≈
##....≈≈≈≈≈#≈≈≈≈≈≈≈≈P≈≈≈
##....≈##≈P#≈≈≈≈≈≈≈≈≈≈≈≈
.......## ≈#


You could see a merfolk avatar and 3 drowned souls.

Vanquished Creatures
  Kirke (Lair:4)
  A hydra (Lair:3)
  2 death yaks (Lair:5)
  A sea snake (Lair:6)
  A lindwurm (Lair:6)
  2 harpies (Lair:6)
  15 elephants
  A manticore (Lair:6)
  4 black mambas
  Joseph (Lair:1)
  8 spiny frogs
  2 torpor snails
  6 komodo dragons
  5 rime drakes
  A polar bear (Lair:6)
  3 hornets
  A queen bee (Lair:1)
  2 slime creatures (Lair:6)
  A wind drake (Lair:6)
  5 hippogriffs
  A bog body (Lair:4)
  5 blink frogs (Lair:2)
  5 wyverns (Lair:6)
  A basilisk (Lair:3)
  17 yaks
  3 hogs (Lair:4)
  2 hungry ghosts
  14 water moccasins
  5 porcupines
  Duvessa (D:5)
  An orc warrior (D:9)
  3 phantoms
  A black bear (D:8)
  A necrophage (D:10)
  2 ogres
  6 centaurs
  8 crocodiles
  13 bullfrogs
  Dowan (D:5)
  A water moccasin skeleton (D:8)
  39 killer bees
  5 electric eels
  3 howler monkeys
  2 crimson imps (D:9)
  A centaur zombie (D:7)
  10 orc wizards
  4 jellies
  7 orc priests
  6 hounds
  A bullfrog skeleton (D:6)
  Terence (D:2)
  4 iguanas
  8 worker ants
  Natasha (thrice) (D:3)
  A killer bee zombie (D:6)
  A hound skeleton (D:7)
  6 gnolls (D:9)
  A howler monkey skeleton (D:4)
  9 adders
  4 river rats (Sewer)
  3 oozes
  An adder zombie (D:5)
  6 worms
  A dart slug (D:1)
  5 leopard geckos
  41 orcs
  9 ball pythons
  3 giant cockroaches
  9 goblins
  12 hobgoblins
  8 jackals
  12 kobolds
  4 quokkas
  11 bats
  9 frilled lizards
  A giant cockroach zombie (D:5)
  A goblin zombie (D:5)
  2 leopard gecko skeletons
  A quokka skeleton (D:9)
  A quokka zombie (D:9)
  15 rats
  A rat zombie (D:5)
  4 fungi
430 creatures vanquished.

Vanquished Creatures (others)
  A human (Lair:5)
  32 fungi
  23 plants
56 creatures vanquished.

Grand Total: 486 creatures vanquished

Notes
Turn   | Place    | Note
-------+----------+-------------------------------------------
     0 | D:1      | LazyJones the Demonspawn Wanderer began the quest for the
                  | Orb.
     0 | D:1      | LazyJones set off with the following items: a +2 hand axe,
                  | a potion of curing {!q}, 9 poisoned needles, a +0 blowgun,
                  | a +0 robe, a ration
     0 | D:1      | Reached XP level 1. HP: 15/15 MP: 1/1
   212 | D:1      | Reached skill level 2 in Fighting
   382 | D:1      | Gained mutation: You have sharp fingernails. [demonic
                  | ancestry]
   382 | D:1      | Reached XP level 2. HP: 18/22 MP: 2/2
   774 | D:1      | Gained mutation: You have a pair of small antennae on your
                  | head. [demonic ancestry]
   774 | D:1      | Reached XP level 3. HP: 27/28 MP: 3/3
   811 | D:1      | Reached skill level 1 in Short Blades
  1317 | D:2      | Reached skill level 3 in Fighting
  1421 | D:2      | Gained mutation: You are immune to rotting. [demonic
                  | ancestry]
  1421 | D:2      | Reached XP level 4. HP: 33/35 MP: 4/4
  1598 | D:2      | HP: 11/35 [orc wizard/puff of frost (13)]
  1601 | D:2      | HP: 4/35 [orc wizard/puff of flame (5)]
  1606 | D:2      | Reached XP level 5. HP: 15/42 MP: 5/5
  2088 | D:2      | Reached skill level 4 in Fighting
  2138 | D:2      | HP: 16/42 [poisoned by an adder]
  2146 | D:2      | HP: 16/42 [poisoned by an adder]
  2415 | D:2      | Found a hide-covered altar of Uskayaw.
  2442 | D:2      | Noticed Terence
  2459 | D:2      | Killed Terence
  2495 | D:3      | Found an opulent altar of Gozag.
  2495 | D:3      | Found an ornate altar of the Wu Jian Council.
  2495 | D:3      | Found a glowing golden altar of the Shining One.
  2495 | D:3      | Found a shadowy altar of Dithmenos.
  2502 | D:3      | Became a worshipper of Gozag Ym Sagoz the Greedy
  2613 | D:3      | HP: 14/43 [orc/+0 trident (6)]
  2864 | D:3      | Noticed Natasha
  2888 | D:3      | Killed Natasha
  2888 | D:3      | Gained mutation: You have sharp toenails. [demonic
                  | ancestry]
  2888 | D:3      | Reached XP level 6. HP: 42/49 MP: 6/6
  3049 | D:3      | Noticed Natasha
  3058 | D:3      | Killed Natasha
  3150 | D:3      | Found a shimmering altar of Xom.
  3222 | D:3      | HP: 13/49 [orc priest/divine providence (12)]
  3342 | D:3      | Noticed Natasha
  3525 | D:3      | Found a deep blue altar of Sif Muna.
  3526 | D:3      | Found a hazy altar of Hepliaklqana.
  3527 | D:3      | Found a stormy altar of Qazlal.
  3916 | D:3      | Killed Natasha
  3922 | D:3      | Found a shimmering altar of Xom.
  3991 | D:3      | Found an ornate altar of the Wu Jian Council.
  3992 | D:3      | Found an opulent altar of Gozag.
  3992 | D:3      | Found a shadowy altar of Dithmenos.
  3993 | D:3      | Found a glowing golden altar of the Shining One.
  4155 | D:3      | Found a hazy altar of Hepliaklqana.
  4156 | D:3      | Found a deep blue altar of Sif Muna.
  4157 | D:3      | Found a stormy altar of Qazlal.
  4228 | D:4      | Found a glowing drain.
  4238 | Sewer    | Entered a sewer
  4258 | Sewer    | Reached skill level 5 in Fighting
  4258 | Sewer    | Reached skill level 1 in Dodging
  4575 | D:4      | HP: 18/51 [worker ant (4)]
  4580 | D:4      | HP: 10/51 [poisoned by a worker ant]
  4583 | D:4      | Gained mutation: You have a pair of antennae on your head.
                  | [demonic ancestry]
  4583 | D:4      | Reached XP level 7. HP: 14/56 MP: 7/7
  4588 | D:4      | HP: 10/56 [worker ant (4)]
  4594 | D:4      | HP: 22/56 [poisoned by a worker ant]
  4599 | D:4      | HP: 16/56 [poisoned by a worker ant]
  4604 | D:4      | HP: 13/56 [poisoned by a worker ant]
  4610 | D:4      | HP: 11/56 [poisoned by a worker ant]
  4616 | D:4      | HP: 10/56 [poisoned by a worker ant]
  4624 | D:4      | HP: 10/56 [poisoned by a worker ant]
  5012 | D:4      | Reached skill level 5 in Armour
  5486 | D:5      | Entered Level 5 of the Dungeon
  5524 | D:5      | Got a jewelled broad axe
  5525 | D:5      | Identified the +5 broad axe of Vodka {chop, +Blink rPois
                  | rC-} (You found it on level 5 of the Dungeon)
  5685 | D:5      | Noticed Duvessa
  5686 | D:5      | Noticed Dowan
  5696 | D:5      | Killed Duvessa
  5707 | D:5      | Killed Dowan
  5707 | D:5      | Reached XP level 8. HP: 45/64 MP: 8/8
  6093 | D:5      | Reached skill level 6 in Fighting
  6187 | D:5      | Found a bloodstained altar of Trog.
  7150 | D:6      | Noticed an angel
  7151 | D:6      | Found a shimmering altar of Xom.
  7151 | D:6      | Found a glowing silver altar of Zin.
  7353 | D:6      | HP: 22/65 [ogre/cursed -1 giant club (17)]
  7370 | D:6      | HP: 7/65 [ogre/cursed -1 giant club (18)]
  8171 | D:7      | Noticed a troll
  8494 | D:7      | Reached XP level 9. HP: 71/71 MP: 9/9
  8760 | D:7      | Reached skill level 7 in Fighting
  8910 | D:7      | HP: 25/72 [something (5)]
  8912 | D:7      | HP: 11/72 [something (8)]
  9526 | D:8      | HP: 28/72 [poisoned by a killer bee]
  9528 | D:8      | Reached skill level 5 in Shields
  9531 | D:8      | HP: 24/72 [poisoned by a killer bee]
  9536 | D:8      | HP: 22/72 [poisoned by a killer bee]
  9541 | D:8      | HP: 21/72 [poisoned by a killer bee]
  9548 | D:8      | HP: 21/72 [poisoned by a killer bee]
  9556 | D:8      | HP: 20/72 [poisoned by a killer bee]
  9597 | D:8      | HP: 21/72 [orc wizard/magic dart (8)]
 10025 | D:8      | Reached skill level 5 in Dodging
 10352 | D:8      | Learned a level 2 spell: Swiftness
 10961 | D:9      | Reached skill level 8 in Fighting
 10966 | D:9      | HP: 22/74 [acid (8)]
 11283 | D:9      | HP: 29/74 [poisoned by a killer bee]
 11290 | D:9      | HP: 28/74 [poisoned by a killer bee]
 11297 | D:9      | HP: 27/74 [poisoned by a killer bee]
 11305 | D:9      | HP: 27/74 [poisoned by a killer bee]
 11659 | D:9      | Found Zuekadel's Antique Weapon Shop.
 11992 | D:9      | Gained mutation: You have razor-sharp toenails. [demonic
                  | ancestry]
 11992 | D:9      | Reached XP level 10. HP: 57/81 MP: 10/10
 12792 | D:10     | Entered Level 10 of the Dungeon
 12792 | D:10     | Found a staircase to the Lair.
 13102 | D:10     | Noticed a two-headed ogre
 13171 | Lair:1   | Entered Level 1 of the Lair of Beasts
 13171 | Lair:1   | Noticed Joseph
 13190 | Lair:1   | Killed Joseph
 13190 | Lair:1   | Reached skill level 9 in Fighting
 13463 | Lair:1   | HP: 33/83 [killer bee (6)]
 13470 | Lair:1   | HP: 30/83 [killer bee (4)]
 13750 | Lair:1   | HP: 33/83 [poisoned by a killer bee]
 13756 | Lair:1   | HP: 31/83 [poisoned by a killer bee]
 13763 | Lair:1   | HP: 29/83 [poisoned by a killer bee]
 13770 | Lair:1   | HP: 29/83 [poisoned by a killer bee]
 13778 | Lair:1   | HP: 29/83 [poisoned by a killer bee]
 14457 | Lair:1   | HP: 31/83 [killer bee (8)]
 14463 | Lair:1   | HP: 29/83 [poisoned by a killer bee]
 14470 | Lair:1   | HP: 28/83 [poisoned by a killer bee]
 14819 | Lair:1   | Noticed a seven-headed hydra
 15113 | Lair:2   | Reached XP level 11. HP: 82/90 MP: 11/11
 15149 | Lair:2   | HP: 36/90 [blink frog (4)]
 15155 | Lair:2   | HP: 29/90 [blink frog (9)]
 15418 | Lair:2   | Found a bloodstained altar of Trog.
 15441 | Lair:2   | Found a hole to the Spider Nest.
 15489 | Lair:2   | HP: 28/90 [komodo dragon (11)]
 15495 | Lair:2   | HP: 2/90 [spiny frog (12)]
 15500 | Lair:2   | HP: 28/90 [spiny frog (2)]
 15950 | Lair:2   | Reached skill level 10 in Fighting
 16210 | Lair:2   | Identified a scroll of acquirement {!r}
 16240 | Lair:2   | HP: 34/90 [spiny frog (12)]
 16245 | Lair:2   | HP: 29/90 [poisoned by a spiny frog]
 16246 | Lair:2   | HP: 13/90 [spiny frog (15)]
 16251 | Lair:2   | HP: 12/90 [bullfrog (3)]
 16628 | Lair:2   | Reached skill level 5 in Axes
 16730 | Lair:2   | Noticed a death yak
 16768 | Lair:3   | HP: 22/90 [spiny frog (20)]
 16769 | Lair:3   | HP: 10/90 [komodo dragon (12)]
 16774 | Lair:3   | HP: 6/90 [komodo dragon (19)]
 16907 | Lair:3   | HP: 33/90 [porcupine's spines (6)]
 16912 | Lair:3   | HP: 18/90 [porcupine's spines (9)]
 17223 | Lair:3   | Noticed a four-headed hydra
 17407 | Lair:3   | Got an ichor-stained hat
 17413 | Lair:3   | Identified the +1 hat "Tipixuo" {rElec rF- Str+5} (You
                  | found it on level 3 of the Lair of Beasts)
 17971 | Lair:3   | Killed a four-headed hydra
 18732 | Lair:4   | Noticed a six-headed hydra
 18809 | Lair:4   | Found a staircase to the Swamp.
 18812 | Lair:4   | Noticed a seven-headed hydra
 18843 | Lair:4   | HP: 24/92 [elephant (15)]
 19260 | Lair:4   | Gained mutation: You may emit foul miasma when damaged in
                  | melee. [demonic ancestry]
 19260 | Lair:4   | Reached XP level 12. HP: 48/99 MP: 12/12
 19484 | Lair:4   | Noticed a four-headed hydra
 19486 | Lair:4   | Reached skill level 10 in Armour
 19951 | Lair:4   | Noticed a seven-headed hydra
 19994 | Lair:5   | Noticed a death yak
 19994 | Lair:5   | Noticed a death yak
 20131 | Lair:6   | Entered Level 6 of the Lair of Beasts
 20144 | Lair:6   | Noticed freakyemo's ghost (journeyman MiBe)
 20301 | Lair:5   | Noticed Kirke
 20400 | Lair:4   | Killed Kirke
 20400 | Lair:4   | Reached skill level 11 in Fighting
 20400 | Lair:4   | Reached skill level 1 in Evocations
 21041 | Lair:5   | Killed a death yak
 21048 | Lair:5   | Killed a death yak
 21452 | Lair:6   | Found a staircase to the Slime Pits.
 21685 | Lair:6   | Noticed a seven-headed hydra
 21969 | Lair:6   | HP: 32/100 [lindwurm (13)]
 22226 | Lair:6   | Found a runed translucent door.
 22241 | Lair:6   | Gained mutation: You frequently emit foul miasma when
                  | damaged in melee. [demonic ancestry]
 22241 | Lair:6   | Reached XP level 13. HP: 95/106 MP: 15/15
 22593 | Lair:6   | HP: 40/106 [manticore (13)]
 22742 | Lair:6   | HP: 34/106 [sea snake (14)]
 22769 | Lair:6   | HP: 41/107 [rime drake (1)]
 22774 | Lair:6   | Reached skill level 10 in Shields
 22781 | Lair:6   | HP: 35/107 [harpy (5)]
 22784 | Lair:6   | HP: 9/107 [hornet (13)]
 23171 | Lair:6   | Reached skill level 10 in Axes
 23427 | Lair:6   | HP: 42/107 [drowned soul[a merfolk avatar] (1)]
 23428 | Lair:6   | HP: 18/107 [drowned by a drowned soul[a merfolk avatar]
                  | (16)]
 23433 | Lair:6   | HP: 8/107 [drowned by a drowned soul[a merfolk avatar]
                  | (15)]
 23433 | Lair:6   | Drowned by a drowned soul

Skill      XL: |  1  2  3  4  5  6  7  8  9 10 11 12 13 |
---------------+----------------------------------------+-----
Fighting       | 2 3 4 5 6 8 9 10 11 | 11.9
Short Blades   | 1 2 3 |  3.5
Dodging        | 1 2 4 5 |  5.0
Shields        | 3 4 6 7 8 9 10 | 10.0
Armour         | 5 6 7 9 10 | 10.1
Axes           | 3 6 9 10 | 10.1
Evocations     | 3 4 |  4.9
Throwing       | |  1.0

Action                   |  1- 3 |  4- 6 |  7- 9 | 10-12 | 13-15 || total
-------------------------+-------+-------+-------+-------+-------++-------
Melee: Hand axe          |    38 |       |       |       |       ||    38
       Short sword       |    79 |   263 |   452 |   469 |       ||  1263
       Kick              |       |    21 |   107 |   225 |    42 ||   395
       Broad axe         |       |       |       |   311 |   135 ||   446
       Unarmed           |       |       |       |    16 |       ||    16
 Fire: Blowgun           |       |       |    11 |       |       ||    11
Invok: Potion Petition   |       |       |       |     3 |     2 ||     5
Evoke: Wand              |       |       |     8 |    15 |     1 ||    24
       Fan of gales      |       |       |       |     1 |       ||     1
  Use: Potion            |       |     3 |     2 |     5 |     2 ||    12
       Scroll            |       |     7 |     4 |    15 |     1 ||    27
 Stab: Distracted        |     1 |       |     1 |     4 |       ||     6
       Paralysed         |       |       |       |     6 |       ||     6
       Invisible         |       |       |       |       |     4 ||     4
  Eat: Chunk             |     2 |     4 |       |       |       ||     6
       Ration            |       |     2 |     8 |    10 |     1 ||    21
Armor: Ring mail         |    50 |   103 |   114 |   247 |    43 ||   557
       Robe              |     2 |       |       |       |       ||     2
Dodge: Dodged            |    58 |    82 |   216 |   358 |    44 ||   758
Block: Shield            |     4 |    96 |   186 |   250 |       ||   536
       Large shield      |       |       |       |   399 |   127 ||   526
